 Dungeon Crawl Stone Soup version 0.26.1-2-gb8aa6d0cf2 (webtiles) character file.

Game seed: 14416948699381551767

275 infcreate the Skirmisher (level 6, -2/39 HPs)
             Began as a Gargoyle Fighter on Mar 28, 2021.
             Killed by an exploding a quokka (41 damage)
             ... exploding inner flame
             ... on level 5 of the Dungeon.
             The game lasted 00:15:40 (2766 turns).

infcreate the Skirmisher (Gargoyle Fighter)         Turns: 2766, Time: 00:15:40

Health: -2/39      AC: 14    Str: 21    XL:     6   Next: 24%
Magic:  6/6        EV:  5    Int:  8    God:
Gold:   121        SH:  9    Dex: 10    Spells: 5/5 levels left

rFire    . . .     SeeInvis .   r - +1 morningstar
rCold    . . .     Faith    .   c - +0 kite shield
rNeg     + . .     Spirit   .   p - +0 chain mail
rPois    ∞         Reflect  .   (no helmet)
rElec    +         Harm     .   (no cloak)
rCorr    .         Rampage  .   (no gloves)
Will     .....                  (no boots)
Stlth    ..........             (no amulet)
HPRegen  0.13/turn              (no ring)
MPRegen  0.10/turn              (no ring)

@: no status effects
A: negative energy resistance 1, electricity resistance, unbreathing,
petrification resistance, miasma immunity, AC +4
a: no special abilities


You were on level 5 of the Dungeon.
You visited 1 branch of the dungeon, and saw 5 of its levels.

You collected 121 gold pieces.

Inventory:

Hand Weapons
 r - a +1 morningstar (weapon)
Armour
 c - a +0 kite shield (worn)
 p - a +0 chain mail (worn)
Jewellery
 o - a cursed amulet of inaccuracy {unknown}
 s - a +6 ring of strength {unknown}
Scrolls
 e - a scroll of remove curse
 f - 3 scrolls of teleportation
 g - a scroll of identify
 i - a scroll of noise
 m - a scroll of immolation
 q - a scroll of amnesia {unknown}
Potions
 a - a potion of berserk rage {unknown}
 b - a potion of invisibility {unknown}
 d - a potion of might
 h - 2 potions of lignification
 k - a potion of attraction {unknown}
 l - 2 potions of curing {unknown}
 n - a potion of heal wounds {unknown}


   Skills:
 + Level 4.4 Fighting
 * Level 4.2 Maces & Flails
 + Level 4.4 Armour
 + Level 4.4 Shields


You had 5 spell levels left.
You didn't know any spells.
Your spell library was empty.

Dungeon Overview and Level Annotations

Branches:
Dungeon (5/15)
 Temple: D:4-7

Altars:
Ashenzari


Innate Abilities, Weirdness & Mutations

You are resistant to torment.
Your stone body is resilient. (AC +4)
You are immune to poison.
You resist negative energy. (rN+)
You are resistant to electric shocks. (rElec)
You can survive without breathing.
You are immune to petrification.
You are immune to miasma.


Message History

There is an entrance to a sewer on this level.
Hurry and find it before the portal rusts away!
A quokka comes into view.
Found 10 gold pieces and a scroll of teleportation.
There is a stone staircase leading up here.
As you read the scroll labelled NYVUBA DAFYWY, it crumbles to dust.
You hear a loud clanging noise!
It was a scroll of noise.
You hear an angry hiss.
You hear a bark!
You hear a shout! x6
You hear a bark!
You hear an angry hiss.
As you read the scroll labelled ZIJUFEOZOF, it crumbles to dust.
The creatures around you are filled with an inner flame!
It was a scroll of immolation.
As you read the scroll labelled UVOUL COVO, it crumbles to dust.
It is a scroll of enchant weapon.
Your +0 morningstar glows red for a moment.
You puncture the quokka!
The quokka explodes!
The fiery explosion engulfs you!!!
Ouch! That really hurt!
You die...

..... .... #
#... #.##...
....... . .....
....#..########
...$..§@§......
.####.§§§......
#.§.§......
#.......####
.........#
..........#
...........#
##?........#


There were no monsters in sight!

Vanquished Creatures
  A scorpion (D:4)
  2 bullfrog skeletons (D:4)
  2 orc wizards (D:4)
  4 adders
  An ooze (D:2)
  A worm (D:2)
  A dart slug (D:1)
  2 leopard geckos
  3 orcs (D:4)
  A giant cockroach (D:3)
  12 goblins
  7 hobgoblins
  5 kobolds
  4 quokkas
  12 bats
  3 frilled lizards
  A rat (D:1)
62 creatures vanquished.

Notes
Turn   | Place    | Note
-------+----------+-------------------------------------------
     0 | D:1      | infcreate the Gargoyle Fighter began the quest for the Orb.
     0 | D:1      | Reached XP level 1. HP: 14/14 MP: 1/1
    93 | D:1      | Reached XP level 2. HP: 16/19 MP: 2/2
   455 | D:1      | Reached XP level 3. HP: 23/23 MP: 3/3
   571 | D:2      | Found a broken altar of Ashenzari.
  1309 | D:2      | Reached XP level 4. HP: 29/29 MP: 4/4
  1637 | D:3      | Found a broken altar of Ashenzari.
  2269 | D:4      | Reached XP level 5. HP: 30/33 MP: 5/5
  2543 | D:4      | Reached XP level 6. HP: 34/39 MP: 6/6
  2762 | D:5      | Entered Level 5 of the Dungeon
  2766 | D:5      | Killed by an exploding a quokka... exploding inner flame

Illustrated notes

Levels and vault maps discovered:
D:1:      erik_arrival_blinker_ship, layout_rooms
D:2:      layout_loops_corners, evilmike_ruin_ashenzari
D:3:      layout_loops_ring, lemuel_round_altar
D:4:      layout_basic, grunt_decor_arrowhead
D:5:      layout_rooms, fedhas_bush_and_centaur_altar,
          biasface_ghost_orc_armoury, cheibrodos_sewer_entry_bend,
          serial_corexii_hall, chequers_hall_statues_y, corexii_hall_statues_x,
          corexii_hall_statues_l, minmay_door_square

Skill      XL: |  1  2  3  4  5 |
---------------+----------------+-----
Maces & Flails | 3 4 |  4.2
Fighting       | 4 |  4.4
Armour         | 4 |  4.4
Shields        | 4 |  4.4

Action                   |  1- 3 |  4- 6 || total
-------------------------+-------+-------++-------
Melee: Flail             |   126 |   173 ||   299
       Morningstar       |       |    12 ||    12
  Use: Scroll            |       |     6 ||     6
Armor: Scale mail        |    83 |    86 ||   169
       Chain mail        |       |    30 ||    30
Dodge: Dodged            |    49 |    50 ||    99
Block: Kite shield       |    71 |   123 ||   194
